 Dungeon Crawl Stone Soup version 0.30-a0-964-gd452b5e7fa (webtiles) character file.

Game seed: 4416548144304763648

4123 MachoJfn the Cleaver (level 10, -12/91 HPs)
             Began as a Hill Orc Monk on Mar 30, 2023.
             Was a Believer of Beogh.
             Killed by the air
             ... invoked by Gastronok
              (44 damage)
             ... on level 8 of the Dungeon.
             The game lasted 00:38:18 (10041 turns).

MachoJfn the Cleaver (Hill Orc Monk)               Turns: 10041, Time: 00:38:18

Health: -12/91     AC: 21    Str: 25    XL:     10   Next: 27%
Magic:  10/10      EV: 10    Int: 10    God:    Beogh [**....]
Gold:   105        SH:  0    Dex: 13    Spells: 9/9 levels left

rFire   + . .      SeeInvis .    a - +0 hand axe
rCold   . . .      Faith    .    (no shield)
rNeg    . . .      Spirit   .    q - +0 chain mail
rPois   .          Reflect  .    c - +2 helmet
rElec   .          Rampage  .    (no cloak)
rCorr   .                        n - +1 pair of gloves
Will    .....                    d - +0 pair of boots Stlth
                                 C - amulet of regeneration
HPRegen 1.15/turn                s - +6 ring of strength
MPRegen 0.12/turn                b - ring of Wannethy {rF+ AC+4}

@: mighty, slowed, very slow
A: no striking features
a: Renounce Religion, Smiting


You were on level 8 of the Dungeon.
You worshipped Beogh.
Beogh was pleased with you.
You visited 2 branches of the dungeon, and saw 9 of its levels.

You collected 495 gold pieces.
You spent 390 gold pieces at shops.

Inventory:

Hand Weapons
 a - a +0 hand axe (weapon)
 l - a +4 scythe
Missiles
 e - 88 stones
 u - 14 poisoned darts (quivered)
 x - 5 curare-tipped darts
 A - 3 datura-tipped darts
Armour
 c - a +2 helmet (worn)
 d - a +0 pair of boots (worn)
 n - a +1 pair of gloves (worn)
 q - a +0 chain mail (worn)
 D - +0 steam dragon scales
Jewellery
 b - the ring of Wannethy (right hand) {rF+ AC+4}
   (You found it on level 3 of the Dungeon)

   [ring of protection]

   AC:        It affects your AC (+4).
   rF:        It protects you from fire.
 f - a ring of wizardry
 r - a ring of flight
 s - a +6 ring of strength (left hand)
 C - an amulet of regeneration (around neck)
Wands
 p - a wand of polymorph (20)
Scrolls
 j - a scroll of summoning
 k - 4 scrolls of immolation
 m - 7 scrolls of teleportation
 y - 2 scrolls of identify
 E - a scroll of enchant weapon {unknown}
Potions
 g - 5 potions of attraction
 i - 2 potions of flight
 t - 3 potions of brilliance
 v - a potion of ambrosia
 w - 3 potions of magic
 z - 2 potions of cancellation
 B - 2 potions of lignification


   Skills:
 + Level 9.3 Fighting
 + Level 12.6 Axes
 + Level 2.3 Throwing
 + Level 7.1 Armour
 + Level 5.4 Dodging
 + Level 4.7 Stealth
 + Level 0.1 Evocations


You had 9 spell levels left.
You didn't know any spells.
Your spell library contained the following spells:

 Spells                   Type           Power      Damage    Failure   Level
 Apportation              Tloc           0%         N/A       91%         1
 Necrotise                Necr           0%         1d4       91%         1
 Summon Small Mammal      Summ           0%         N/A       91%         1


Dungeon Overview and Level Annotations

Branches:
Dungeon (8/15)             Temple (1/1) D:4
   Lair: D:8-11

Altars:
Ashenzari
Cheibriados
Dithmenos
Elyvilon
Fedhas
Gozag
Hepliaklqana
Kikubaaqudgha
Makhleb
Nemelex Xobeh
Okawaru
Qazlal
Ru
Sif Muna
Trog
Uskayaw
Vehumet
Wu Jian
Xom
Yredelemnul
Zin
The Shining One

Shops:
D:1 *

Annotations:
D:4 exclusion: statue
D:8 Gastronok


Message History

You slash Gastronok!
Gastronok is heavily wounded.
Gastronok bites you!!
You hit Gastronok.
Gastronok is heavily wounded.
You hit Gastronok.
Gastronok is heavily wounded.
Gastronok mumbles some strange words.
Gastronok puts on a burst of speed!
You slash Gastronok!
Gastronok is heavily wounded.
You hit Gastronok.
Gastronok is heavily wounded.
Gastronok barely misses you.
You hit Gastronok.
Gastronok is heavily wounded.
You slash Gastronok!
Gastronok is severely wounded.
Gastronok bites you!
You slash Gastronok!
Gastronok is severely wounded.
You hit Gastronok.
Gastronok is severely wounded.
Gastronok waves his eye-stalks in wide circles.
The air twists around and strikes you!!
You slash Gastronok!
Gastronok is almost dead.
You slash Gastronok!
Gastronok is almost dead.
Gastronok bites you.
You completely miss Gastronok.
Gastronok is almost dead.
Gastronok bites you!
You hit Gastronok.
Gastronok is almost dead.
You slice Gastronok!!
Gastronok is almost dead.
Gastronok waves his eye-stalks in wide circles.
The air twists around and strikes you!!!
You die...

.......###...........#
.......##...............
........#...............
.............###........
#............##.....!.#
#.....##......##....$.##
##.#..##......##........
####...................
###............<@w......
#.#.....................
.......................#
#................##....
###............##.. ###
#.............## ...
#..#..................
...#...##.#............
.......#####...........


You could see Gastronok (swift).

Vanquished Creatures
  2 steam dragons (D:7)
  Edmund (D:5)
  An acid dragon (D:8)
  3 water moccasins
  3 black bears
  A sky beast (D:6)
  2 ice beasts
  3 ogres
  4 centaurs
  3 phantoms
  3 bullfrogs
  A kobold brigand (D:7)
  3 scorpions
  4 wights
  11 killer bees
  A vampire bat (D:3)
  A howler monkey (D:4)
  5 hounds
  3 jellies
  An iguana (D:5)
  Jessica (D:3)
  An orc wizard (D:5)
  Natasha (thrice) (D:3)
  6 sleepcaps
  3 adders
  8 gnolls (D:3)
  A shadow imp (D:7)
  An ufetubus (D:6)
  2 worms
  3 dart slugs
  7 orcs
  7 ball pythons
  5 endoplasms
  4 giant cockroaches
  8 hobgoblins
  7 quokkas
  11 bats
  3 frilled lizards
  5 goblins
  5 kobolds
  7 rats
154 creatures vanquished.

Vanquished Creatures (others)
  A killer bee (D:8)
  An orc (D:5)
2 creatures vanquished.

Grand Total: 156 creatures vanquished

Notes
Turn   | Place    | Note
-------+----------+-------------------------------------------
     0 | D:1      | MachoJfn the Hill Orc Monk began the quest for the Orb.
     0 | D:1      | Reached XP level 1. HP: 19/19 MP: 1/1
    97 | D:1      | Reached XP level 2. HP: 4/27 MP: 2/2
   472 | D:1      | Found Zutamiz's General Store.
   672 | D:1      | Reached XP level 3. HP: 33/33 MP: 3/3
  1429 | D:2      | Found a stormy altar of Qazlal.
  1433 | D:2      | Reached skill level 5 in Axes
  1568 | D:2      | Reached skill level 9 in Axes
  1568 | D:2      | Reached XP level 4. HP: 37/47 MP: 4/4
  1993 | D:3      | Noticed a scorpion
  2002 | D:3      | Killed a scorpion
  2003 | D:3      | Reached skill level 10 in Axes
  2003 | D:3      | Reached XP level 5. HP: 45/52 MP: 5/5
  2102 | D:3      | Reached XP level 6. HP: 49/60 MP: 6/6
  2264 | D:3      | Identified the ring of Wannethy {rF+ AC+4}
  2370 | D:3      | Noticed Natasha
  2377 | D:3      | Killed Natasha
  2378 | D:3      | Reached skill level 5 in Dodging
  2453 | D:3      | Noticed Jessica
  2470 | D:3      | Killed Jessica
  2478 | D:3      | Noticed Natasha
  2490 | D:3      | Killed Natasha
  2952 | D:3      | Noticed Natasha
  2969 | D:3      | Killed Natasha
  3079 | D:3      | Noticed Sigmund
  3082 | D:3      | Sigmund changed into Sigmund the jelly
  3082 | D:3      | Noticed Sigmund
  3088 | D:3      | Killed Sigmund the jelly
  3089 | D:3      | Reached skill level 1 in Armour
  3089 | D:3      | Reached XP level 7. HP: 54/66 MP: 7/7
  3324 | D:4      | Found a snail-covered altar of Cheibriados.
  3406 | D:4      | You are sucked into a shaft and drop 2 floors!
  3406 | D:6      | Found a glowing golden altar of the Shining One.
  3764 | D:5      | Entered Level 5 of the Dungeon
  4047 | D:4      | Found a sacrificial altar of Ru.
  4167 | D:4      | Found a hide-covered altar of Uskayaw.
  4276 | D:4      | Reached skill level 1 in Throwing
  4287 | D:4      | Found a radiant altar of Vehumet.
  4526 | D:4      | Found a staircase to the Ecumenical Temple.
  4534 | Temple   | Entered the Ecumenical Temple
  5313 | D:5      | Reached XP level 8. HP: 73/73 MP: 8/8
  5334 | D:5      | Found a shimmering altar of Xom.
  5334 | D:5      | Found an ornate altar of the Wu Jian Council.
  5696 | D:5      | Reached skill level 11 in Axes
  5725 | D:5      | Became a worshipper of Beogh the Brigand
  5725 | D:5      | Reached * piety under Beogh
  5725 | D:5      | Reached ** piety under Beogh
  5858 | D:5      | Noticed Edmund
  5884 | D:5      | Killed Edmund
  6837 | D:6      | Reached XP level 9. HP: 75/81 MP: 9/9
  6904 | D:6      | Reached skill level 5 in Armour
  8079 | D:7      | Reached skill level 12 in Axes
  8447 | D:7      | Found a burning altar of Makhleb.
  8447 | D:7      | Noticed a green death
  8791 | D:1      | Bought an amulet of regeneration for 390 gold pieces
  9232 | D:8      | Noticed Gastronok
  9278 | D:7      | Reached XP level 10. HP: 66/87 MP: 10/10
 10041 | D:8      | Killed from afar by Gastronok

Illustrated notes

Levels and vault maps discovered:
D:1:      zaba_arrival_water, layout_loops_ring, serial_shops,
          nicolae_shop_temple_entry_statues_fountains
D:2:      layout_rooms, basic_altar, minmay_crystal_room
D:3:      layout_loops_ring, roderic_batcave, hangedman_decor_peaks_small,
          uniq_sigmund, uniq_jessica, uniq_natasha
D:4:      layout_rooms, nicolae_ru_sacrificial_ziggurat, vehumet_statue,
          mainiacjoe_overflow_tiny_flanked, old_standard_altar,
          minmay_temple_entry_enclosed_plants
D:5:      layout_basic, jmf_multi_god_temple, uniq_edmund
D:6:      layout_rooms, tso_altar, gup_sewer_entry_bowl
D:7:      layout_cave_pools, makhleb_altar_promises_db
D:8:      layout_cave_pools, serial_column_ruins, column_ruins_square_medium,
          column_ruins_hut, column_ruins_grid_4, column_ruins_corridor_plus,
          column_ruins_grid_1, column_ruins_columns_T, serial_shops, shop,
          kennysheep_generic_room_3, uniq_gastronok
Temple:   compressed_dpeg_triangle_lava_temple

Skill      XL: |  1  2  3  4  5  6  7  8  9 10 |
---------------+-------------------------------+-----
Fighting       | 4 7 8 9 |  9.3
Axes           | 9 10 11 12 | 12.6
Dodging        | 4 5 |  5.4
Stealth        | 4 |  4.7
Armour         | 1 2 4 6 7 |  7.1
Throwing       | 1 2 |  2.3
Evocations     | |  0.1

Action                     |  1- 3 |  4- 6 |  7- 9 | 10-12 || total
---------------------------+-------+-------+-------+-------++-------
  Melee: Hand axe          |   117 |   161 |   411 |   112 ||   801
         Punch             |     1 |     1 |     9 |     1 ||    12
         Unarmed           |       |     9 |       |       ||     9
  Throw: Dart              |       |    11 |    11 |       ||    22
         Stone             |       |       |    11 |       ||    11
 Invoke: Convert to Beogh  |       |       |     1 |       ||     1
  Evoke: Wand              |       |     2 |     2 |       ||     4
    Use: Scroll            |     7 |     5 |     1 |       ||    13
         Potion            |     6 |     3 |     7 |     3 ||    19
   Stab: Sleeping          |     4 |       |       |       ||     4
 Armour: Robe              |    20 |     7 |       |       ||    27
         Chain mail        |       |    91 |   296 |    81 ||   468
  Dodge: Dodged            |    68 |    61 |   234 |    69 ||   432

Table legend: (Time is in decaauts)
 A = Elapsed time spent in this place.
 B = Non-inter-level travel time spent in this place.
 C = Inter-level travel time spent in this place.
 D = Time resting spent in this place.
 E = Time spent auto-exploring this place.
 F = Levels seen in this place.
 G = Mean time per level.
                   A        B        C        D        E       F      G
               +--------+--------+--------+--------+--------+-----+--------+
         Total |   9981 |   7636 |   2345 |   2834 |   3205 |   9 | 1109.0 |
       Dungeon |   9428 |   7198 |   2230 |   2834 |   2788 |   8 | 1178.5 |
        Temple |    553 |    438 |    115 |      0 |    417 |   1 |  553.0 |
               +--------+--------+--------+--------+--------+-----+--------+

Top non-repeatable levels by time:
     D:3: 1720 daAuts
     D:1: 1377 daAuts
     D:7: 1339 daAuts
     D:6: 1276 daAuts
     D:5: 1275 daAuts
     D:4: 1084 daAuts
     D:2: 1020 daAuts
  Temple: 553 daAuts
     D:8: 334 daAuts
